 Dungeon Crawl Stone Soup version 0.30-b1-2-g02819fbbbe (webtiles) character file.

Game seed: 10214629052557391883

19897 sanka the Nimble (level 12, -2/71 (74) HPs)
             Began as a Deep Elf Artificer on May 11, 2023.
             Was a Believer of Vehumet.
             Slain by a black mamba (7 damage)
             ... summoned by a worldbinder
             ... while petrified by an ancient lich
             ... on level 1 of the Abyss.
             The game lasted 00:47:47 (15213 turns).

sanka the Nimble (Deep Elf Artificer)              Turns: 15213, Time: 00:47:48

HP:   -2/71 (74)    AC:  9    Str: 21    XL:     12   Next: 40%
MP:   1/27          EV:  2    Int: 28    God:    Vehumet [**....]
Gold: 528           SH:  0    Dex: 21    Spells: 21/29 levels left

rFire   + . .        a - staff of fire
rCold   . . .        (no shield)
rNeg    + + +        L - +2 robe "Agiast" {rF- rN+ Str+3 Archmagi}
rPois   ∞            f - +1 hat of the Armadillo {rF+ Slay+2}
rElec   .            p - scarf of Insurance {shadows, +Inv Str+2}
rCorr   .            C - +0 pair of gloves
SInv    .            o - +2 pair of boots
Will    +....        H - amulet of the acrobat
Stlth   ++           c - +6 ring of intelligence
HPRegen 0.31/turn    i - ring "Hamu" {Str+7 Dex+6}
MPRegen 0.20/turn

%: acrobat, archmagi
@: petrified, lightly drained
A: no striking features
a: Renounce Religion, Evoke Invisibility


You were on level 1 of the Abyss.
You worshipped Vehumet.
Vehumet was pleased with you.
You visited 2 branches of the dungeon, and saw 12 of its levels.
You visited the Abyss 1 time.
You also visited: Bailey and Gauntlet.

You collected 749 gold pieces.
You spent 221 gold pieces at shops.

Inventory:

Hand Weapons
 b - a +3 great sword of freezing
 s - a +1 dagger of distortion
 w - the +3 dagger of the Badger {pain, Fly}
   (You found it on level 4 of the Dungeon)

   Fly:       It grants you flight.
 R - a +0 lajatang
Missiles
 g - a throwing net {=f}
 t - 4 curare-tipped darts {=f}
Armour
 f - the +1 hat of the Armadillo (worn) {rF+ Slay+2}
   (You found it in a Gauntlet)

   Slay:      It affects your accuracy & damage with ranged weapons and melee
   (+2).
   rF:        It protects you from fire.
 o - a +2 pair of boots (worn)
 p - the scarf of Insurance (worn) {shadows, +Inv Str+2}
   (You acquired it on level 7 of the Dungeon)

   Str:       It affects your strength (+2).
   +Inv:      It lets you turn invisible.
 C - a +0 pair of gloves (worn)
 L - the +2 robe "Agiast" (worn) {rF- rN+ Str+3 Archmagi}
   (You found it on level 9 of the Dungeon)

   Str:       It affects your strength (+3).
   rF:        It makes you vulnerable to fire.
   rN:        It protects you from negative energy.
   Archmagi:  It increases the power of your magical spells.
 M - +0 steam dragon scales
Magical Staves
 a - a staff of fire (weapon)
Jewellery
 c - a +6 ring of intelligence (left hand)
 d - the amulet of Zamec {Reflect rPois rC+ Dex-2 SH+5}
   (You found it in a Gauntlet)

   [amulet of reflection]

   It reflects blocked missile attacks.
   Dex:       It affects your dexterity (-2).
   rC:        It protects you from cold.
   rPois:     It protects you from poison.
   SH:        It affects your SH (+5).
 i - the ring "Hamu" (right hand) {Str+7 Dex+6}
   (You found it in a Gauntlet)

   [ring of dexterity]

   Str:       It affects your strength (+7).
   Dex:       It affects your dexterity (+6).
 k - a ring of poison resistance
 n - a ring of willpower
 r - a ring of ice
 x - a ring of magical power
 F - a +6 ring of dexterity
 H - an amulet of the acrobat (around neck)
Wands
 E - a wand of quicksilver (6)
 O - a wand of polymorph (4)
Scrolls
 h - 2 scrolls of fog
 l - 2 scrolls of magic mapping
 u - 11 scrolls of teleportation {@r4}
 y - a scroll of immolation {!r}
 B - 2 scrolls of poison {!r}
 G - 2 scrolls of amnesia
 I - 3 scrolls of blinking
 J - 2 scrolls of butterflies
 P - a scroll of silence {!r}
 Q - a scroll of fear
 T - 6 scrolls of enchant weapon
Potions
 e - 2 potions of attraction {!q}
 j - 2 potions of brilliance
 m - a potion of cancellation
 q - 5 potions of flight
 v - a potion of invisibility
 z - 4 potions of curing {@q1}
 A - a potion of mutation {!q}
 D - a potion of haste {unknown}
 K - 4 potions of lignification {!q}
 N - 2 potions of heal wounds {@q2}
Miscellaneous
 S - a lightning rod (3/4)


   Skills:
 + Level 8.2 Fighting
 - Level 0.7 Armour
 + Level 11.8 Dodging
 - Level 1.2 Stealth
 - Level 9.0 Spellcasting
 - Level 11.0 Conjurations
 - Level 11.0 Fire Magic
 - Level 3.2 Evocations


You had 21 spell levels left.
You knew the following spells:

 Your Spells              Type           Power      Damage    Failure   Level
a - Flame Wave            Conj/Fire      100%       2d21      1%          4
b - Sticky Flame          Conj/Fire      100%       2d11      1%          4

Your spell library contained the following spells:

 Spells                   Type           Power      Damage    Failure   Level
 Foxfire                  Conj/Fire      100%       2x1d9     1%          1
 Inner Flame              Hex/Fire       78%        N/A       1%          3
 Ensorcelled Hibernation  Hex/Ice        36%        N/A       7%          2
 Passwall                 Tmut/Erth      15%        N/A       7%          2
 Swiftness                Air            18%        N/A       13%         3
 Summon Forest            Summ/Tloc      9%         N/A       77%         5
 Eringya's Noxious Bog    Tmut/Pois      9%         N/A       100%        6
 Summon Hydra             Summ           9%         N/A       100%        7


Dungeon Overview and Level Annotations

Branches:
Dungeon (11/15)            Temple (1/1) D:5            Lair (0/5) D:9
 Bailey (visited)         Gauntlet (visited)
    Orc: D:9-12

Altars:
Ashenzari
Cheibriados
Dithmenos
Elyvilon
Fedhas
Gozag
Hepliaklqana
Kikubaaqudgha
Makhleb
Nemelex Xobeh
Okawaru
Qazlal
Ru
Sif Muna
Trog
Uskayaw
Vehumet
Wu Jian
Xom
Yredelemnul
Zin
The Shining One

Shops:
D:8 !   D:9 ?

Annotations:
D:7 1 runed translucent door, EnegeticOcto's ghost, novice MiFi
D:9 2 runed translucent doors
D:11 Erica; Erolcha


Message History

The ancient lich burns!
The black mamba misses you. The ancient lich touches you.
* * * LOW HITPOINT WARNING * * *
The naga warrior spits poison at you. The splash of poison misses you.
The splash of poison misses the ancient lich.
Unknown command.
A wave of flame ripples out!
The flame wave engulfs the ancient lich!
The ancient lich resists.
The ancient lich is heavily damaged.
The flame wave engulfs the worldbinder!
The worldbinder is heavily damaged.
The flame wave engulfs the black mamba!!
You kill the black mamba!
The black mamba's corpse disappears in a puff of smoke!
The flame wave engulfs the naga warrior!
The naga warrior is heavily wounded.
You finish channelling waves of flame.
The ancient lich burns!
The worldbinder calls forth creatures from the Snake Pit!
You hear some strange, mumbled words.
You are slowing down.
The naga warrior misses you. The naga warrior grabs you.
The naga warrior constricts you.
* * * LOW HITPOINT WARNING * * *
Unknown command.
Unknown command.
Blink to where?
Press: ? - help, Dir - move target You escape the naga warrior's grasp.
As you read the scroll of blinking, it crumbles to dust.
Your limbs are stiffening.
You close the door.
You have turned to stone.
A worldbinder opens the door.
The black mamba bites you but does no damage.
The black mamba bites you!
* * * LOW HITPOINT WARNING * * *
The worldbinder calls forth creatures from the Snake Pit!
The black mamba bites you!
You die...

#. # .## .##..
#... #.. #.....
#.# #.. .. #@#
#.....xS......#
#...S.S########
#....#S# #..≈..
# +..§x.S#.~
#......x~~~
##'#####.##
#..#


You could see a mana viper (summoned, expiring), a worldbinder, 3 black mambas
and a small abomination.

Vanquished Creatures
  A lich (Abyss:1)
  A tentacled starspawn (Abyss:1)
  A minotaur (Gauntlet)
  2 vault guards (Bailey)
  A two-headed ogre (D:9)
  Nergalle (D:11)
  The ghost of greggregreg the Skirmisher, a novice FoHu of Yredelemnul (D:8)
  A phantasmal warrior (Abyss:1)
  Pikel (D:6)
  3 starcursed masses (Abyss:1)
  An oklob plant (Gauntlet)
  A moth of wrath (Gauntlet)
  2 smoke demons (Abyss:1)
  Psyche (D:11)
  A freezing wraith (Abyss:1)
  A komodo dragon (shapeshifter) (Abyss:1)
  2 trolls
  Prince Ribbit (Bailey)
  A hornet (D:7)
  A vampire (D:11)
  4 shadows
  4 yaks (D:10)
  A wraith (D:9)
  Grum (D:8)
  A chaos spawn (Abyss:1)
  3 redbacks (Gauntlet)
  A steam dragon (D:10)
  A large abomination (Abyss:1)
  7 humans (Bailey)
  3 small abominations (Abyss:1)
  5 acid dragons
  A water moccasin (D:5)
  2 sky beasts
  2 black bears (D:6)
  3 wolves (D:8)
  An ogre (D:5)
  4 centaurs
  A phantom (D:7)
  2 kobold brigands
  9 bullfrogs
  A gnoll sergeant (D:5)
  A scorpion (D:5)
  26 wights
  9 killer bees (D:9)
  4 howler monkeys
  2 jellies
  8 hounds
  7 orc priests
  4 iguanas
  2 sleepcaps (D:7)
  6 orc wizards
  A statue (D:8)
  A human simulacrum (D:9)
  Robin (D:2)
  11 gnolls
  4 adders
  A shadow imp (D:8)
  3 white imps
  4 worms
  4 dart slugs
  25 orcs
  6 ball pythons
  9 endoplasms
  2 giant cockroaches
  16 goblins
  16 hobgoblins
  11 kobolds
  4 quokkas
  7 bats
  3 frilled lizards
  9 rats
  2 starspawn tentacles (Abyss:1)
291 creatures vanquished.

Vanquished Creatures (collateral kills)
  A deep elf zephyrmancer (D:6)
  2 orcs (D:5)
3 creatures vanquished.

Vanquished Creatures (others)
  A hound (D:5)
  An orc wizard (D:5)
  A human simulacrum (D:9)
  2 gnolls (D:5)
  A goblin (D:3)
  22 demonic plants (Gauntlet)
  4 fungi (Gauntlet)
  10 plants (Gauntlet)
  2 starspawn tentacles (Abyss:1)
44 creatures vanquished.

Grand Total: 338 creatures vanquished

Notes
Turn   | Place    | Note
-------+----------+-------------------------------------------
     0 | D:1      | sanka the Deep Elf Artificer began the quest for the Orb.
     0 | D:1      | Reached XP level 1. HP: 11/11 MP: 3/3
   134 | D:1      | Reached skill level 1 in Conjurations
   134 | D:1      | Reached skill level 1 in Fire Magic
   134 | D:1      | Reached XP level 2. HP: 16/16 MP: 3/5
   148 | D:1      | Reached skill level 1 in Spellcasting
   723 | D:1      | Reached XP level 3. HP: 3/20 MP: 5/7
  1454 | D:2      | Noticed Robin
  1474 | D:3      | Reached XP level 4. HP: 3/24 MP: 8/8
  1650 | D:2      | Killed Robin
  1681 | D:2      | Learned a level 4 spell: Flame Wave
  1805 | D:2      | Found a faded altar of an unknown god.
  2688 | D:3      | Reached XP level 5. HP: 27/28 MP: 10/10
  2954 | D:4      | Found a glowing silver altar of Zin.
  3010 | D:4      | Found a glowing golden altar of the Shining One.
  3328 | D:4      | Learned a level 4 spell: Sticky Flame
  3471 | D:4      | Identified the +3 dagger of the Badger {pain, Fly}
  3815 | D:5      | Entered Level 5 of the Dungeon
  3877 | D:5      | Found a basalt altar of Yredelemnul.
  3943 | D:5      | Reached XP level 6. HP: 29/33 MP: 9/13
  4193 | D:5      | Identified the +1 scale mail "Voytag Mithe" {rPois Dex+3}
  4343 | D:5      | Identified the +1 spear of Impermanence {antimagic, rCorr}
  4467 | D:5      | Reached XP level 7. HP: 24/37 MP: 8/15
  4479 | D:5      | Reached skill level 5 in Conjurations
  4479 | D:5      | Reached skill level 5 in Fire Magic
  4638 | D:5      | Found a staircase to the Ecumenical Temple.
  4648 | Temple   | Entered the Ecumenical Temple
  5249 | D:6      | Found a sacrificial altar of Ru.
  5307 | D:6      | Reached skill level 5 in Spellcasting
  5689 | D:6      | Reached XP level 8. HP: 35/42 MP: 17/17
  6188 | D:6      | Noticed a deep elf zephyrmancer
  6188 | D:6      | Noticed Pikel
  6203 | D:6      | Killed a deep elf zephyrmancer
  6459 | D:6      | Found a white marble altar of Elyvilon.
  6645 | D:6      | Killed Pikel
  6646 | D:6      | Reached XP level 9. HP: 46/46 MP: 13/21
  6862 | D:5      | Found an ornate altar of the Wu Jian Council.
  6907 | D:7      | Found a shimmering blue altar of Sif Muna.
  7514 | D:7      | Found a stormy altar of Qazlal.
  7717 | D:7      | Found a shimmering altar of Xom.
  7973 | D:7      | Identified a scroll of acquirement
  7974 | D:7      | Acquired the scarf of Insurance {shadows, +Inv Str+2}
  8016 | D:7      | Found a runed translucent door.
  8016 | D:7      | Found a shimmering altar of Xom.
  8016 | D:7      | Noticed EnegeticOcto's ghost (novice MiFi)
  8017 | D:7      | Noticed a +2 short sword of chaos
  8157 | D:8      | Found a flagged portal.
  8187 | Bailey   | Entered a bailey
  8242 | Bailey   | Reached skill level 10 in Fire Magic
  8242 | Bailey   | Reached XP level 10. HP: 18/51 MP: 2/24
  8243 | Bailey   | Reached skill level 10 in Conjurations
  8689 | Bailey   | Noticed Prince Ribbit
  8690 | Bailey   | Noticed a vault guard
  8699 | Bailey   | Killed Prince Ribbit
  8769 | Bailey   | Killed a vault guard
  8836 | Bailey   | Noticed a vault guard
  8846 | Bailey   | Killed a vault guard
  8847 | Bailey   | Reached skill level 1 in Fighting
  9250 | D:8      | Found Zankulin's Distillery.
  9271 | D:8      | Found a runed translucent door.
  9271 | D:8      | Noticed greggregreg's ghost (novice FoHu)
  9371 | D:8      | Found a radiant altar of Vehumet.
  9397 | D:8      | Became a worshipper of Vehumet
  9670 | D:8      | Found an ancient bone altar of Kikubaaqudgha.
  9722 | D:8      | Noticed Grum
  9730 | D:8      | Killed Grum
  9731 | D:8      | Reached skill level 5 in Dodging
 10171 | D:8      | Killed greggregreg's ghost
 10172 | D:8      | Reached XP level 11. HP: 29/60 MP: 5/26
 10431 | D:9      | Identified the +6 dagger "Tewus" {chaos, *Corrode rPois
                  | Will+}
 10432 | D:9      | Noticed a white ugly thing
 10467 | D:9      | Found Xikik's Magic Scroll Emporium.
 10533 | D:8      | Bought a potion of brilliance for 44 gold pieces
 10533 | D:8      | Bought a potion of lignification for 33 gold pieces
 10593 | D:9      | Bought a scroll of immolation for 48 gold pieces
 10593 | D:9      | Bought a scroll of identify for 24 gold pieces
 10593 | D:9      | Bought a scroll of identify for 24 gold pieces
 10593 | D:9      | Bought a scroll of identify for 24 gold pieces
 10593 | D:9      | Bought a scroll of identify for 24 gold pieces
 10627 | D:9      | Found an iron altar of Okawaru.
 10750 | D:9      | Reached * piety under Vehumet
 10750 | D:9      | Offered knowledge of Shock by Vehumet.
 11067 | D:9      | Found a staircase to the Lair.
 11352 | D:9      | Identified the +2 robe "Agiast" {rF- rN+ Str+3 Archmagi}
 11429 | D:9      | Noticed a two-headed ogre
 11431 | D:9      | Found a large runed translucent door.
 11431 | D:9      | Found a large runed translucent door.
 11436 | D:9      | Killed a two-headed ogre
 11437 | D:9      | Reached skill level 5 in Fighting
 11567 | D:9      | Found a shimmering altar of Xom.
 11768 | D:10     | Entered Level 10 of the Dungeon
 11973 | D:10     | Found a blossoming altar of Fedhas.
 12187 | D:10     | Found a sparkling altar of Nemelex Xobeh.
 12685 | D:11     | Noticed Erolcha
 12736 | D:11     | Noticed Erica
 12850 | D:11     | Noticed Nergalle
 12857 | D:11     | Killed Nergalle
 12870 | D:11     | Found a gate leading to a gauntlet.
 12884 | Gauntlet | Entered a Gauntlet
 12884 | Gauntlet | Found a transporter.
 12884 | Gauntlet | Found a transporter.
 12908 | Gauntlet | Noticed a sixfirhy
 12928 | Gauntlet | Found a transporter.
 12937 | Gauntlet | Found a transporter.
 12941 | Gauntlet | Noticed a green death
 12942 | Gauntlet | Noticed a death scarab
 12946 | Gauntlet | Found a transporter.
 12946 | Gauntlet | Found a transporter.
 12947 | Gauntlet | Noticed a death scarab
 12948 | Gauntlet | Noticed a hell hog
 12970 | Gauntlet | Found a transporter.
 12977 | Gauntlet | Found a transporter.
 12991 | Gauntlet | Found a transporter.
 13002 | Gauntlet | Found a transporter.
 13012 | Gauntlet | Found a transporter.
 13022 | Gauntlet | Noticed an oklob plant
 13023 | Gauntlet | Found a transporter.
 13027 | Gauntlet | Found a large runed translucent door.
 13064 | Gauntlet | Found a transporter.
 13082 | Gauntlet | Found a transporter.
 13183 | Gauntlet | Found a transporter.
 13185 | Gauntlet | Found a large runed translucent door.
 13185 | Gauntlet | Found a large runed translucent door.
 13186 | Gauntlet | Found a large runed translucent door.
 13186 | Gauntlet | Found a large runed translucent door.
 13189 | Gauntlet | Found a runed translucent door.
 13189 | Gauntlet | Found a large runed translucent door.
 13189 | Gauntlet | Found a runed translucent door.
 13189 | Gauntlet | Found a large runed translucent door.
 13189 | Gauntlet | Found a large runed translucent door.
 13190 | Gauntlet | Found a large runed translucent door.
 13190 | Gauntlet | Found a large runed translucent door.
 13191 | Gauntlet | Found a large runed translucent door.
 13191 | Gauntlet | Found a large runed translucent door.
 13194 | Gauntlet | Found a large runed translucent door.
 13194 | Gauntlet | Found a large runed translucent door.
 13195 | Gauntlet | Found a runed translucent gate.
 13195 | Gauntlet | Found a runed translucent gate.
 13197 | Gauntlet | Found a transporter.
 13205 | Gauntlet | Found a runed translucent gate.
 13242 | Gauntlet | Found a large runed translucent door.
 13242 | Gauntlet | Found a large runed translucent door.
 13919 | Gauntlet | Killed an oklob plant
 13919 | Gauntlet | Offered knowledge of Foxfire by Vehumet.
 14032 | Gauntlet | Identified the amulet of Zamec {Reflect rPois rC+ Dex-2
                  | SH+5}
 14084 | Gauntlet | Reached ** piety under Vehumet
 14162 | Gauntlet | Identified the +1 hat of the Armadillo {rF+ Slay+2}
 14177 | Gauntlet | Identified the ring "Hamu" {Str+7 Dex+6}
 14209 | Gauntlet | Identified the -1 pair of gloves of Uskayaw's Pride {Harm
                  | rElec}
 14388 | Gauntlet | Noticed a minotaur
 14398 | Gauntlet | Killed a minotaur
 14399 | Gauntlet | Reached skill level 10 in Dodging
 14522 | D:11     | Noticed Psyche
 14527 | D:11     | Killed Psyche
 14737 | Abyss:1  | Cast into level 1 of the Abyss (Erolcha)
 14837 | Abyss:1  | Reached XP level 12. HP: 72/72 MP: 21/27
 14990 | Abyss:1  | Noticed a starcursed mass
 14998 | Abyss:1  | Killed a starcursed mass
 14998 | Abyss:1  | Noticed a lich
 15008 | Abyss:1  | Killed a lich
 15143 | Abyss:1  | Noticed a tentacled starspawn
 15148 | Abyss:1  | Killed a tentacled starspawn
 15195 | Abyss:1  | Noticed an ancient lich
 15208 | Abyss:1  | Noticed a naga warrior
 15213 | Abyss:1  | Slain by a black mamba

Illustrated notes

Levels and vault maps discovered:
D:1:      dpeg_cavernosity, layout_loops_ring
D:2:      layout_basic, shapermc_ecumenical_altar_starsandcircs,
          hangedman_decor_slide_cut, st_stairs_1,
          chequers_serial_rivers_large_b, minmay_strange_pillars, uniq_robin
D:3:      layout_basic, glass_columns_c, minmay_pentomino_pile
D:4:      layout_basic, overflow_temple_1_default, old_standard_altar,
          dreamdust_princess_bridge
D:5:      layout_loops_ring, mainiacjoe_overflow_surrounded_room,
          nicolae_overflow_hidden_temple, minmay_temple_entry_nine_rooms,
          minmay_quadrilaterals
D:6:      layout_basic, kennysheep_little_box, nicolae_ru_awakened_eye,
          corexii_item_surrounded_by_moat, grunt_decor_cap,
          guppyfry_early_elven_hall, uniq_pikel
D:7:      layout_rooms, xom_teletrap_fun, mainiacjoe_overflow_large_starburst,
          ebering_ghost_xom
D:8:      layout_loops_ring, vehumet_statue, kiku_gazebo_garden_becter,
          serial_shops, shop, hellmonk_ghost_happy_afterlife, enter_bailey_4,
          uniq_grum
D:9:      due_chaos_kobolds, layout_loops_corners, okawaru_trees_1,
          lair_entry_dummy, serial_shops, shop, bh_circular_ruins
D:10:     layout_rooms, general_overflow_altar, lemuel_doored_altar
D:11:     layout_roguey, erik_orc_1, gauntlet_entry_generic, uniq_erolcha,
          uniq_nergalle, uniq_josephine, uniq_psyche, uniq_erica
Temple:   hellmonk_temple_of_storms
Abyss:1:  base:
D:11

Skill      XL: |  1  2  3  4  5  6  7  8  9 10 11 12 |
---------------+-------------------------------------+-----
Conjurations   | 1 2 3 4 6 8 9 11 | 11.0
Fire Magic     | 1 2 3 4 6 8 10 11 | 11.0
Spellcasting   | 1 2 3 4 5 6 8 9 |  9.0
Fighting       | 3 7 8 |  8.2
Dodging        | 5 10 11 | 11.8
Armour         | |  0.7
Stealth        | |  1.2
Evocations     | |  3.2

Action                     |  1- 3 |  4- 6 |  7- 9 | 10-12 || total
---------------------------+-------+-------+-------+-------++-------
  Melee: Club              |    11 |       |       |       ||    11
         Flail             |   113 |    51 |       |       ||   164
         Short sword       |       |    88 |       |       ||    88
         Falchion          |       |   123 |    75 |       ||   198
         Punch             |       |     3 |     1 |     2 ||     6
         Dagger            |       |       |    21 |    39 ||    60
         Staff             |       |       |    14 |    35 ||    49
         Great sword       |       |       |       |     2 ||     2
  Throw: Dart              |       |     2 |     8 |     3 ||    13
   Cast: Flame Wave        |       |       |    32 |    71 ||   103
         Sticky Flame      |       |       |     4 |    21 ||    25
  Evoke: Wand              |    13 |    17 |     5 |     2 ||    37
         Lightning rod     |       |       |       |     3 ||     3
    Use: Potion            |       |       |     7 |     3 ||    10
         Scroll            |       |       |    10 |    11 ||    21
   Stab: Sleeping          |     4 |     1 |       |     2 ||     7
 Armour: Leather armour    |    12 |       |       |       ||    12
         Ring mail         |    56 |   123 |    18 |       ||   197
         Robe              |       |       |    36 |    49 ||    85
  Dodge: Dodged            |   106 |   134 |   136 |   258 ||   634
